 Dungeon Crawl Stone Soup version 0.28.0-53-g5a82cb258f (webtiles) character file.

Game seed: 7854019691284595151

13449 nickcage the Earth Mage (level 11, -9/54 HPs)
             Began as a Deep Elf Earth Elementalist on May 20, 2022.
             Was a Believer of Vehumet.
             Mangled by a komodo dragon (19 damage)
             ... on level 2 of the Lair of Beasts.
             The game lasted 00:43:03 (12277 turns).

nickcage the Earth Mage (DEEE)                     Turns: 12277, Time: 00:43:04

Health: -9/54      AC: 12    Str: 11    XL:     11   Next: 75%
Magic:  1/25       EV: 12    Int: 25    God:    Vehumet [**....]
Gold:   624        SH:  0    Dex: 15    Spells: 7/26 levels left

rFire   . . .      SeeInvis +   u - +3 dagger (protect)
rCold   + . .      Faith    .   (no shield)
rNeg    . . .      Spirit   .   Q - +2 robe {rC+}
rPois   .          Reflect  .   (no helmet)
rElec   .          Harm     .   (no cloak)
rCorr   .          Rampage  .   K - +0 pair of gloves
Will    +....                   (no boots)
Stlth   ++........              (no amulet)
HPRegen 0.18/turn               k - +6 ring of strength
MPRegen 0.19/turn               I - ring of see invisible

@: ice-armoured, studying Armour
A: no striking features
a: Renounce Religion


You were on level 2 of the Lair of Beasts.
You worshipped Vehumet.
Vehumet was pleased with you.
You visited 3 branches of the dungeon, and saw 12 of its levels.

You collected 657 gold pieces.
You spent 33 gold pieces at shops.

Inventory:

Hand Weapons
 a - a +0 dagger
 u - a +3 dagger of protection (weapon)
 S - a +3 trident
Missiles
 c - 245 stones
 d - 26 poisoned darts
 e - 4 curare-tipped darts
Armour
 b - a +1 robe
 q - the +3 scale mail of the Lily {rPois rC++}
   (You found it on level 2 of the Dungeon)

   rC:        It greatly protects you from cold.
   rPois:     It protects you from poison.
 F - +0 swamp dragon scales
 J - a +0 buckler
 K - a +0 pair of gloves (worn)
 L - +0 steam dragon scales
 Q - a +2 robe of cold resistance (worn)
 R - a scarf of shadows
Jewellery
 k - a +6 ring of strength (left hand)
 I - a ring of see invisible (right hand)
 P - a ring of ice
 T - a ring of ice
Wands
 n - a wand of charming (14)
 y - a wand of digging (4)
 z - a wand of polymorph (16)
 A - a wand of acid (8)
 D - a wand of mindburst (21)
 E - a wand of flame (18)
Scrolls
 h - 2 scrolls of summoning
 i - 3 scrolls of vulnerability
 j - a scroll of magic mapping
 l - a scroll of enchant armour
 p - a scroll of enchant weapon
 r - 2 scrolls of teleportation
 B - a scroll of noise
 C - 2 scrolls of fear
 M - a scroll of identify
 N - 4 scrolls of blinking
Potions
 f - a potion of berserk rage
 g - 2 potions of heal wounds
 m - 4 potions of flight
 o - a potion of attraction
 s - 4 potions of curing
 t - 3 potions of mutation
 v - 6 potions of degeneration
 w - a potion of resistance {unknown}
 x - a potion of brilliance {unknown}
 G - a potion of invisibility {unknown}
 H - a potion of lignification {unknown}
Miscellaneous
 O - a tin of tremorstones (2/2)


   Skills:
 + Level 5.8 Armour
 - Level 2.4 Dodging
 - Level 2.4 Stealth
 + Level 8.2 Spellcasting
 - Level 2.1 Conjurations
 * Level 6.9 Hexes
 * Level 8.2 Transmutations
 - Level 3.4 Ice Magic
 - Level 15.4 Earth Magic
 - Level 3.0 Evocations


You had 7 spell levels left.
You knew the following spells:

 Your Spells              Type           Power      Damage    Failure   Level
a - Sandblast             Erth           100%       2d20      0%          1
b - Passwall              Tmut/Erth      51%        N/A       1%          2
c - Stone Arrow           Conj/Erth      100%       3d13      1%          3
d - Petrify               Tmut/Erth      62%        N/A       1%          4
e - Ozocubu's Armour      Ice            27%        N/A       4%          3
f - Metabolic Englaciati  Hex/Ice        18%        N/A       21%         5
g - Magic Dart            Conj           84%        1d7       2%          1

Your spell library contained the following spells:

 Spells                   Type           Power      Damage    Failure   Level
 Foxfire                  Conj/Fire      60%        2x1d7     3%          1
 Ensorcelled Hibernation  Hex/Ice        72%        N/A       1%          2
 Wereblood                Tmut           50%        N/A       1%          2
 Animate Skeleton         Necr           20%        N/A       6%          1
 Apportation              Tloc           20%        N/A       6%          1
 Pain                     Necr           40%        1d6       6%          1
 Corpse Rot               Necr/Air       20%        N/A       9%          2
 Poisonous Vapours        Pois/Air       20%        N/A       9%          2
 Sublimation of Blood     Necr           10%        N/A       9%          2
 Swiftness                Air            10%        N/A       19%         3
 Vampiric Draining        Necr           10%        2d6       19%         3
 Alistair's Intoxication  Tmut/Pois      20%        N/A       30%         5
 Summon Lightning Spire   Summ/Air       10%        N/A       52%         4
 Simulacrum               Ice/Necr       9%         N/A       99%         6
 Storm Form               Tmut/Air       15%        N/A       100%        7
 Summon Hydra             Summ           5%         N/A       100%        7
 Maxwell's Capacitive Co  Air            5%         ∞         100%        8


Dungeon Overview and Level Annotations

Branches:
Dungeon (9/15)             Temple (1/1) D:6            Lair (2/6) D:8
    Orc (0/2) D:9
  Swamp: Lair:2-4    Shoals: Lair:2-4     Snake: Lair:2-4    Spider: Lair:2-4

Altars:
Ashenzari
Cheibriados
Dithmenos
Elyvilon
Fedhas
Gozag
Kikubaaqudgha
Makhleb
Nemelex Xobeh
Okawaru
Qazlal
Sif Muna
Uskayaw
Vehumet
Wu Jian
Xom
Yredelemnul
Zin
The Shining One

Shops:
D:4 !

Annotations:
D:8 2 transporters, ChrisTheEpicPoet's ghost, novice DjFE


Message History

You kill the yak!
Vehumet accepts your kill.
You feel your power returning.
The stone arrow hits the yak!!
You kill the yak!
Vehumet accepts your kill.
You feel your power returning. The komodo dragon bites you.
Casting: Stone Arrow (safe; 1% risk of failure)
Confirm with . or Enter, or press ? or * to list all spells.
Aiming: Petrify (dangerous; 1% risk of failure)
Press: ? - help, Shift-Dir - straight line, f - komodo dragon
Aim: a komodo dragon (chance to affect: 60%)
The komodo dragon resists with significant effort.
The yak gores you.
The komodo dragon bites you but does no damage.
Casting: Petrify (dangerous; 1% risk of failure)
Confirm with . or Enter, or press ? or * to list all spells.
Aiming: Petrify (dangerous; 1% risk of failure)
Press: ? - help, Shift-Dir - straight line, f/p - komodo dragon
Aim: a komodo dragon (chance to affect: 60%)
The komodo dragon is moving more slowly.
The yak gores you! The komodo dragon barely misses you.
Your icy armour will break if you move.
Continue? [Y]es or [N]o only, please.
Your icy armour will break if you move.
Continue? [Y]es or [N]o only, please.
Your icy armour will break if you move.
Continue?
Okay, then.
Casting: Petrify (dangerous; 1% risk of failure)
Confirm with . or Enter, or press ? or * to list all spells.
Aiming: Sandblast (safe; 0% risk of failure)
Press: ? - help, Shift-Dir - straight line, f - yak, p - komodo dragon
Aim: a yak (90% to hit)
The blast of sand hits the yak!!
The yak is heavily wounded.
c - 245 stones The yak gores you!
* * * LOW HITPOINT WARNING * * *
The komodo dragon bites you!!
You die...

#. #.## #.. ##
#.P# # #.P.#P##.##
.. #........# ...
#####...# ....
#...# ....? ###
#...#
....P.###.###...##
......l@Y........#
..(P.#.#####.#..##
.P. ..# #.#..#..#.
. ### ##........
.............Y.
>#..###.#.###.. #
##### .


You could see a komodo dragon (petrifying) and a yak.

Vanquished Creatures
  Fannar (Lair:1)
  2 hydras
  Erolcha (D:9)
  A two-headed ogre (D:8)
  Maggie (D:7)
  A cane toad (Lair:2)
  A rime drake (Lair:1)
  3 komodo dragons
  A tengu conjurer (D:8)
  A troll (D:8)
  A polar bear (Lair:1)
  Grinder (D:3)
  Prince Ribbit (D:8)
  A hornet (D:8)
  3 blink frogs (Lair:1)
  A wyvern (D:7)
  A wraith (D:9)
  A basilisk (Lair:1)
  13 yaks
  A steam dragon (D:9)
  Edmund (D:4)
  An acid dragon (D:8)
  5 water moccasins
  Duvessa (D:6)
  2 orc warriors
  An ice beast (D:7)
  3 black bears
  3 ogres
  2 necrophages
  2 centaurs
  3 kobold brigands
  A gnoll sergeant (D:9)
  7 bullfrogs
  2 scorpions (D:6)
  Dowan (D:6)
  3 killer bees (D:9)
  3 wights (D:6)
  The ghost of issech the Spear-Bearer, a weakling GnWn (D:3)
  2 centaur zombies
  7 howler monkeys
  6 jellies
  5 bullfrog zombies
  3 hounds
  2 bullfrog skeletons
  3 iron imps (D:9)
  6 orc priests
  2 centaur skeletons
  3 iguanas
  6 orc wizards
  7 gnolls
  5 adders
  A white imp (D:6)
  An adder skeleton (D:4)
  2 dart slugs
  13 orcs
  10 ball pythons
  5 endoplasms
  6 giant cockroaches
  6 goblins
  6 hobgoblins
  5 jackals (D:3)
  6 quokkas
  5 bats
  5 frilled lizards
  12 kobolds
  2 rats
221 creatures vanquished.

Vanquished Creatures (collateral kills)
  A hobgoblin (D:3)
1 creature vanquished.

Vanquished Creatures (others)
  A scorpion (D:7)
  A bullfrog (D:7)
  6 fungi
  55 plants
63 creatures vanquished.

Grand Total: 285 creatures vanquished

Notes
Turn   | Place    | Note
-------+----------+-------------------------------------------
     0 | D:1      | nickcage the Deep Elf Earth Elementalist began the quest
                  | for the Orb.
     0 | D:1      | Reached XP level 1. HP: 10/10 MP: 6/6
   270 | D:1      | Reached XP level 2. HP: 15/15 MP: 6/8
   529 | D:1      | Reached skill level 4 in Earth Magic
   532 | D:1      | Learned a level 2 spell: Passwall
  1215 | D:2      | Reached XP level 3. HP: 19/19 MP: 6/9
  1219 | D:2      | Learned a level 3 spell: Stone Arrow
  1297 | D:2      | Found a faded altar of an unknown god.
  1349 | D:2      | Identified the +3 scale mail of the Lily {rPois rC++}
  1694 | D:3      | Noticed Grinder
  1701 | D:3      | Killed Grinder
  1702 | D:3      | Reached skill level 7 in Earth Magic
  1702 | D:3      | Reached XP level 4. HP: 24/24 MP: 4/10
  1702 | D:3      | Reached XP level 5. HP: 28/28 MP: 4/11
  1840 | D:3      | Reached XP level 6. HP: 32/32 MP: 9/12
  2113 | D:3      | Found a runed translucent door.
  2114 | D:3      | Noticed issech's ghost (weakling GnWn)
  2287 | D:3      | Killed issech's ghost
  2740 | D:3      | Found a sparkling altar of Nemelex Xobeh.
  3162 | D:4      | Learned a level 4 spell: Petrify
  3166 | D:4      | Learned a level 3 spell: Ozocubu's Armour
  3320 | D:4      | Found Fimezxyzi's Distillery.
  3323 | D:4      | Bought a potion of curing for 33 gold pieces
  3616 | D:4      | Noticed Edmund
  3622 | D:4      | Killed Edmund
  3623 | D:4      | Reached skill level 5 in Spellcasting
  3623 | D:4      | Reached skill level 1 in Ice Magic
  3623 | D:4      | Reached skill level 8 in Earth Magic
  3623 | D:4      | Reached XP level 7. HP: 36/36 MP: 1/16
  3768 | D:5      | Entered Level 5 of the Dungeon
  4062 | D:5      | Found an opulent altar of Gozag.
  4205 | D:5      | Reached XP level 8. HP: 34/41 MP: 16/19
  4903 | D:6      | Reached skill level 9 in Earth Magic
  5235 | D:6      | Reached skill level 1 in Evocations
  5331 | D:6      | Found an iron altar of Okawaru.
  5369 | D:6      | Found a staircase to the Ecumenical Temple.
  5369 | D:6      | Noticed Duvessa
  5369 | D:6      | Noticed Dowan
  5372 | D:6      | Killed Duvessa
  5375 | D:6      | Killed Dowan
  5461 | Temple   | Entered the Ecumenical Temple
  5494 | Temple   | Became a worshipper of Vehumet
  5793 | D:6      | Reached skill level 10 in Earth Magic
  6114 | D:7      | Reached XP level 9. HP: 45/45 MP: 16/22
  6164 | D:7      | Reached skill level 11 in Earth Magic
  6493 | D:7      | Found a shimmering altar of Xom.
  6524 | D:7      | Noticed Maggie
  6536 | D:7      | Killed Maggie
  6537 | D:7      | Reached skill level 1 in Conjurations
  6537 | D:7      | Reached skill level 5 in Transmutations
  6537 | D:7      | Reached skill level 12 in Earth Magic
  6922 | D:7      | Learned a level 5 spell: Metabolic Englaciation
  6923 | D:8      | Found a staircase to the Lair.
  7102 | D:8      | Noticed a troll
  7105 | D:8      | Killed a troll
  7127 | D:8      | Noticed a two-headed ogre
  7131 | D:8      | Killed a two-headed ogre
  7132 | D:8      | Reached skill level 13 in Earth Magic
  7132 | D:8      | Reached XP level 10. HP: 48/50 MP: 11/23
  7212 | D:8      | Reached * piety under Vehumet
  7212 | D:8      | Offered knowledge of Magic Dart by Vehumet.
  7328 | D:8      | Reached skill level 1 in Hexes
  7752 | D:8      | Noticed Prince Ribbit
  7756 | D:8      | Killed Prince Ribbit
  7884 | D:8      | Reached skill level 1 in Armour
  7985 | D:8      | Found a transporter.
  7988 | D:8      | Reached skill level 14 in Earth Magic
  8127 | D:8      | Learned a level 1 spell: Magic Dart
  8132 | D:8      | Found a transporter.
  8134 | D:8      | Noticed ChrisTheEpicPoet's ghost (novice DjFE)
  8459 | D:8      | Found a broken altar of Ashenzari.
  9152 | D:9      | Noticed Erolcha
  9237 | D:9      | Reached skill level 15 in Earth Magic
  9369 | D:9      | Noticed a six-headed hydra
  9372 | D:9      | Killed a six-headed hydra
  9373 | D:9      | Reached XP level 11. HP: 54/54 MP: 18/24
  9383 | D:9      | Killed Erolcha
  9461 | D:9      | Found a staircase to the Orcish Mines.
  9470 | D:9      | Reached ** piety under Vehumet
  9514 | D:9      | Offered knowledge of Foxfire by Vehumet.
 10020 | D:9      | Found a burning altar of Makhleb.
 10526 | Lair:1   | Entered Level 1 of the Lair of Beasts
 10953 | Lair:1   | Reached skill level 5 in Hexes
 11116 | Lair:1   | Noticed Fannar
 11190 | Lair:1   | Reached skill level 5 in Armour
 11313 | Lair:1   | Killed Fannar
 11478 | Lair:1   | Noticed a four-headed hydra
 11484 | Lair:1   | Killed a four-headed hydra
 12277 | Lair:2   | Mangled by a komodo dragon

Illustrated notes

Levels and vault maps discovered:
D:1:      minmay_arrival_doors, layout_basic, serial_park_tiny_2,
          kennysheep_pointless_box
D:2:      layout_rooms, ebering_ecumenical_altar_ruins
D:3:      layout_rooms, nemelex_diamond_rough_becter,
          hellmonk_ghost_happy_afterlife, nrook_uturn,
          chequers_serial_rivers_small_3, st_stairs_6,
          minmay_fractal_squares_diagonal_5, uniq_grinder
D:4:      layout_cave_pools, serial_shops, kennysheep_mini,
          nicolae_underground_beach, uniq_edmund
D:5:      layout_basic, nicolae_gozag_cash_rules_everything_around_me
D:6:      layout_gridville, okawaru_ov_weapons_minmay,
          minmay_temple_entry_gardened_gates, hangedman_abyss_or_decor_passed,
          uniq_duvessa
D:7:      layout_rooms, xom_confusion_cloud, uniq_maggie
D:8:      layout_loops_corners, nicolae_overflow_hidden_temple,
          lair_entry_dummy, gammafunk_ghost_hive, chequers_arboretum,
          minmay_manual_maat, uniq_prince_ribbit1
D:9:      layout_basic, demons_altar, orc_0_dummy, patterned_corridor,
          uniq_erolcha
Temple:   oiseaux_autumnal_temple
Lair:1:   layout_hall_layers, lemuel_fruit_tree, grunt_megastairs_4, uniq_fannar
Lair:2:   layout_loops_ring, guppyfry_snake_entry_island, serial_forest,
          infiniplex_forest_lined_ring, infiniplex_forest_straight_2,
          infiniplex_forest_clump_long, infiniplex_forest_3_way,
          infiniplex_forest_clump_long, infiniplex_forest_clump_curved,
          infiniplex_forest_straight_4, infiniplex_forest_clump_tiny,
          infiniplex_forest_corner_1, serial_bayou_shore_b

Skill      XL: |  1  2  3  4  5  6  7  8  9 10 11 |
---------------+----------------------------------+-----
Earth Magic    | 4 7 8 10 13 15 | 15.4
Transmutations | 2 4 5 6 8 |  8.2
Spellcasting   | 5 6 7 8 |  8.2
Ice Magic      | 1 2 3 |  3.4
Evocations     | 2 3 |  3.0
Conjurations   | 2 |  2.1
Hexes          | 3 6 |  6.9
Armour         | 2 5 |  5.8
Dodging        | |  2.4
Stealth        | |  2.4

Action                   |  1- 3 |  4- 6 |  7- 9 | 10-12 || total
-------------------------+-------+-------+-------+-------++-------
Melee: Unarmed           |     1 |       |       |       ||     1
       Dagger            |    12 |     7 |     7 |    21 ||    47
       Punch             |       |       |     1 |       ||     1
Throw: Dart              |     4 |       |       |       ||     4
 Cast: Sandblast         |    33 |    60 |    66 |    29 ||   188
       Passwall          |     2 |     1 |     1 |       ||     4
       Stone Arrow       |       |     5 |    59 |   129 ||   193
       Magic Dart        |       |       |       |    32 ||    32
       Petrify           |       |       |       |     4 ||     4
       Ozocubu's Armour  |       |       |       |     1 ||     1
  Use: Scroll            |       |    11 |     4 |     3 ||    18
 Stab: Sleeping          |     6 |     1 |     1 |     2 ||    10
       Distracted        |       |       |     1 |       ||     1
       Petrified         |       |       |       |    12 ||    12
Armor: Robe              |     7 |     7 |     2 |     3 ||    19
       Steam dragon scal |       |       |       |    10 ||    10
       Swamp dragon scal |       |       |       |     1 ||     1
Dodge: Dodged            |    11 |    15 |    25 |    27 ||    78
